 Dungeon Crawl Stone Soup version 0.29.1-12-g30fa7ad0bf (webtiles) character file.

Game seed: 1985042713893062907

1845 FexLirch the Destroyer (level 8, -2/52 HPs)
             Began as a Demonspawn Fire Elementalist on Dec 14, 2022.
             Was a Follower of Sif Muna.
             Slain by an orc knight
             ... wielding a +0 trident
              (13 damage)
             ... in a bailey.
             The game lasted 00:32:47 (6948 turns).

FexLirch the Destroyer (DsFE)                       Turns: 6948, Time: 00:32:48

Health: -2/52      AC: 14    Str:  9    XL:     8   Next: 88%
Magic:  10/20      EV: 12    Int: 24    God:    Sif Muna [*.....]
Gold:   340        SH:  5    Dex: 21    Spells: 1/11 levels left

rFire   . . .      SeeInvis .   L - +8 great sword of the Coward {freeze, Drain rC+ Will+ Stlth+}
rCold   + . .      Faith    .   (shield currently unavailable)
rNeg    . . .      Spirit   .   g - +0 leather armour
rPois   .          Reflect  +   (no helmet)
rElec   .          Harm     .   F - +2 cloak
rCorr   +          Rampage  .   r - +0 pair of gloves
Will    +....                   k - +2 pair of boots of Summertime {rC- MP+9 Dex+7 Stlth+}
Stlth   ++++......              y - amulet of reflection
HPRegen 0.17/turn               e - ring of protection from cold
MPRegen 0.17/turn               K - +6 ring of intelligence

@: no status effects
A: yellow scales 3, foul stench 1, spiny 1, demonic touch 1
a: Renounce Religion, Channel Magic


You were in a bailey.
You worshipped Sif Muna.
Sif Muna was aware of your devotion.
You visited 2 branches of the dungeon, and saw 9 of its levels.
You also visited: Bailey.

You collected 340 gold pieces.

Inventory:

Hand Weapons
 f - a +0 short sword
 i - a +0 arbalest
 v - the +4 dagger of the Green God {speed, rPois}
   (You found it on level 3 of the Dungeon)

   Attacks with this weapon are significantly faster.
   rPois:     It protects you from poison.
 L - the +8 great sword of the Coward (weapon) {freeze, Drain rC+ Will+ Stlth+}
   (You found it in a bailey)

   It freezes those it strikes, dealing additional cold damage.
   It can also slow down cold-blooded creatures.
   rC:        It protects you from cold.
   Drain:     It drains your maximum health when unequipped.
   Will:      It increases your willpower.
   Stlth:     It makes you more stealthy.
Armour
 a - a +0 robe
 g - a +0 leather armour (worn)
 k - the +2 pair of boots of Summertime (worn) {rC- MP+9 Dex+7 Stlth+}
   (You acquired it on level 4 of the Dungeon)

   Dex:       It affects your dexterity (+7).
   rC:        It makes you vulnerable to cold.
   MP:        It affects your magic capacity (+9).
   Stlth:     It makes you more stealthy.
 r - a +0 pair of gloves (worn)
 F - a +2 cloak (worn)
 H - a +3 ring mail of fire resistance
Jewellery
 e - a ring of protection from cold (left hand)
 h - an amulet of faith
 y - an amulet of reflection (around neck)
 G - an amulet of regeneration
 K - a +6 ring of intelligence (right hand)
Scrolls
 l - a scroll of torment {unknown}
 n - a scroll of poison
 p - 3 scrolls of fear {unknown}
 q - a scroll of enchant weapon
 t - a scroll of blinking {unknown}
 w - a scroll of noise {unknown}
 x - 4 scrolls of teleportation
 z - a scroll of magic mapping {unknown}
 A - a scroll of vulnerability {unknown}
 C - a scroll of butterflies {unknown}
 E - a scroll of immolation {unknown}
 J - a scroll of amnesia {unknown}
Potions
 b - a potion of magic
 c - a potion of brilliance {unknown}
 d - 4 potions of attraction {unknown}
 j - 2 potions of heal wounds {unknown}
 m - a potion of lignification {unknown}
 o - 2 potions of curing {unknown}
 s - a potion of resistance {unknown}
 u - a potion of ambrosia {unknown}
 B - 2 potions of haste {unknown}
 D - a potion of flight {unknown}
 I - a potion of degeneration {unknown}


   Skills:
 - Level 1.7 Dodging
 - Level 1.7 Stealth
 - Level 2.0 Spellcasting
 + Level 8.2 Conjurations
 + Level 8.0 Fire Magic


You had one spell level left.
You knew the following spells:

 Your Spells              Type           Power      Damage    Failure   Level
a - Foxfire               Conj/Fire      100%       2x1d9     1%          1
b - Scorch                Fire           80%        2d9       1%          2
c - Conjure Flame         Conj/Fire      41%        6-21      1%          3
d - Flame Wave            Conj/Fire      41%        2d11      6%          4

Your spell library contained the following spells:

 Spells                   Type           Power      Damage    Failure   Level
 Shock                    Conj/Air       88%        1d8       3%          1
 Inner Flame              Hex/Fire       21%        N/A       10%         3
 Stone Arrow              Conj/Erth      44%        3d9       10%         3
 Wereblood                Tmut           2%         N/A       26%         2
 Call Canine Familiar     Summ           2%         N/A       45%         3
 Portal Projectile        Hex/Tloc       4%         N/A       45%         3
 Leda's Liquefaction      Hex/Erth       1%         N/A       86%         4


Dungeon Overview and Level Annotations

Branches:
Dungeon (8/15)             Temple (1/1) D:4          Bailey (1/1)
   Lair: D:8-11

Altars:
Ashenzari
Cheibriados
Dithmenos
Hepliaklqana
Kikubaaqudgha
Makhleb
Nemelex Xobeh
Okawaru
Qazlal
Sif Muna
Trog
Vehumet
Wu Jian

Annotations:
D:3 1 runed translucent door, Xeneth's ghost, weakling DsBe
D:4 Dowan; Duvessa
D:6 2 transporters
D:7 2 transporters, SirLogeyBear's ghost, novice HOBe


Innate Abilities, Weirdness & Mutations

You are completely covered in yellow scales. (AC +4, rCorr)
You may rarely emit foul miasma when damaged in melee.
You are partially covered in sharp spines.
Your touch may inflict minor irresistible damage on your foes.


Message History

Casting: Flame Wave (dangerous; 6% risk of failure)
Press: ? - help, Dir - look around, f - activate A wave of flame ripples out! (Press . to intensify the flame waves.)
The orc hits you but does no damage.
The orc knight hits you but does no damage.
A wave of flame ripples out!
The flame wave engulfs the orc!
You kill the orc!
Sif Muna accepts your kill.
The flame wave engulfs the orc knight!
The orc knight is moderately wounded.
The orc knight roars a battlecry!
The orcs go into a battle-frenzy!
The orc knight roars a battlecry!
The orc knight goes into a battle-frenzy!
A wave of flame ripples out!
The flame wave engulfs the orc knight!
The orc knight is heavily wounded.
The flame wave engulfs the orc knight but does no damage.
You finish channelling waves of flame.
You block the orc knight's attack.
Unknown command.
Unknown command.
Casting: Flame Wave (dangerous; 6% risk of failure)
Confirm with . or Enter, or press ? or * to list all spells.
Casting: Flame Wave (dangerous; 6% risk of failure)
Press: ? - help, Dir - look around, f - activate A wave of flame ripples out! (Press . to intensify the flame waves.)
The orc knight is poisoned.
The orc knight hits you from afar with a +0 halberd!!
Ouch! That really hurt!
* * * LOW HITPOINT WARNING * * *
You block the orc knight's attack.
A wave of flame ripples out!
The flame wave engulfs the orc knight!
The orc knight is severely wounded.
The flame wave engulfs the orc knight!
The orc knight is lightly wounded.
The orc knight is engulfed in poison gas.
The orc knight looks even sicker.
The orc knight closely misses you.
The orc knight hits you from afar with a +0 trident!
You die...

...........##....)..##.....v.....
..........##..#'#'#..## .........
..........#..##.#.##..#..........
.........##.#########.##.........
.........##)'.#§.§#.'.##.........
.........##.###☼8o###.##.........
.........##)'.#)oo#.).##.........
.........##.####§####.##.........
..........#..##§@§##..##.........
..........##..#§§§##.)...........
......)....##§§§§§##.............
...≈≈)≈≈≈...##§§§§##....≈≈≈.≈≈...
..≈≈#.##≈....#######....≈##.#≈≈..
..≈##.∩#≈...............≈#∩.##≈..
..≈#......................)..#≈..
..≈##.##≈...............≈##.##≈..
..≈≈###≈≈...............≈≈###≈≈..


You could see 2 orc knights and an orc (strong).

Vanquished Creatures
  Grinder (D:4)
  Edmund (D:4)
  A water moccasin (D:8)
  8 orc warriors (Bailey)
  2 ogres
  A kobold brigand (D:7)
  A bullfrog (D:7)
  Blork the orc (D:4)
  A scorpion (D:4)
  An orc priest (D:3)
  An iguana (D:4)
  An orc wizard (D:3)
  A gnoll (D:2)
  7 adders
  A worm (D:4)
  A dart slug (D:2)
  16 orcs
  9 ball pythons
  7 endoplasms
  4 giant cockroaches
  9 hobgoblins
  3 quokkas
  4 bats
  5 frilled lizards
  14 goblins
  10 kobolds
  10 rats
  2 butterflies (D:4)
123 creatures vanquished.

Vanquished Creatures (others)
  354 foxfires
  15 plants
369 creatures vanquished.

Grand Total: 492 creatures vanquished

Notes
Turn   | Place    | Note
-------+----------+-------------------------------------------
     0 | D:1      | FexLirch the Demonspawn Fire Elementalist began the quest
                  | for the Orb.
     0 | D:1      | Reached XP level 1. HP: 13/13 MP: 3/3
   347 | D:1      | Got the Precepts of Harmful Changing
   393 | D:1      | Gained mutation: You are partially covered in yellow
                  | scales. (AC +2) [demonic ancestry]
   393 | D:1      | Reached XP level 2. HP: 19/19 MP: 3/5
  1011 | D:3      | Gained mutation: You may rarely emit foul miasma when
                  | damaged in melee. [demonic ancestry]
  1011 | D:3      | Reached XP level 3. HP: 24/24 MP: 2/6
  1267 | D:2      | Learned a level 2 spell: Scorch
  1271 | D:2      | Learned a level 3 spell: Conjure Flame
  1507 | D:2      | Reached XP level 4. HP: 30/30 MP: 2/7
  1975 | D:5      | Entered Level 5 of the Dungeon
  2207 | D:3      | Found a runed translucent door.
  2213 | D:3      | Noticed Xeneth's ghost (weakling DsBe)
  2283 | D:3      | Identified the +4 dagger of the Green God {speed, rPois}
  2377 | D:3      | Found a faded altar of an unknown god.
  2429 | D:4      | Noticed Grinder
  2914 | D:2      | Found a radiant altar of Vehumet.
  3485 | D:3      | Noticed an ogre
  3496 | D:3      | Gained mutation: You are partially covered in sharp spines.
                  | [demonic ancestry]
  3496 | D:3      | Reached XP level 5. HP: 31/35 MP: 3/8
  3558 | D:3      | Killed an ogre
  3892 | D:4      | Gained mutation: Your touch may inflict minor irresistible
                  | damage on your foes. [demonic ancestry]
  3892 | D:4      | Reached XP level 6. HP: 41/41 MP: 5/9
  4045 | D:4      | Found a staircase to the Ecumenical Temple.
  4055 | D:4      | Noticed Blork the orc
  4075 | D:4      | Killed Blork the orc
  4076 | D:4      | Reached skill level 5 in Fire Magic
  4226 | D:4      | Killed Grinder
  4227 | D:4      | Reached skill level 5 in Conjurations
  4227 | D:4      | Gained mutation: You are mostly covered in yellow scales.
                  | (AC +3) [demonic ancestry]
  4227 | D:4      | Reached XP level 7. HP: 18/46 MP: 2/10
  4425 | D:4      | Identified a scroll of acquirement
  4426 | D:4      | Acquired the +2 pair of boots of Summertime {rC- MP+9 Dex+7
                  | Stlth+}
  4438 | D:4      | Learned a level 4 spell: Flame Wave
  4545 | D:4      | Found a broken altar of Ashenzari.
  4658 | D:4      | Noticed Duvessa
  4658 | D:4      | Noticed Dowan
  4777 | D:4      | Noticed Edmund
  5094 | Temple   | Entered the Ecumenical Temple
  5103 | Temple   | Became a worshipper of Sif Muna the Loreminder
  5169 | D:4      | Killed Edmund
  5810 | D:8      | Gained mutation: You are completely covered in yellow
                  | scales. (AC +4, rCorr) [demonic ancestry]
  5810 | D:8      | Reached XP level 8. HP: 29/52 MP: 11/11
  5824 | D:7      | Found a transporter.
  5824 | D:7      | Noticed a two-headed ogre
  5828 | D:7      | Noticed SirLogeyBear's ghost (novice HOBe)
  5832 | D:7      | Found a transporter.
  5835 | D:7      | Found a bloodstained altar of Trog.
  5836 | D:7      | Noticed a moth of wrath
  5954 | D:6      | Found a transporter.
  5969 | D:6      | Found an iron altar of Okawaru.
  6015 | D:6      | Found a transporter.
  6037 | D:7      | Found a flagged portal.
  6054 | Bailey   | Entered a bailey
  6260 | Bailey   | Reached * piety under Sif Muna
  6939 | Bailey   | Identified the +8 great sword of the Coward {freeze, Drain
                  | rC+ Will+ Stlth+}
  6942 | Bailey   | Noticed an orc knight
  6942 | Bailey   | Noticed an orc knight
  6948 | Bailey   | Slain by an orc knight

Illustrated notes

Levels and vault maps discovered:
D:1:      mrwooster_arrival_statue, layout_loops_ring
D:2:      kennysheep_big_flooded_room, layout_basic, basic_altar,
          minmay_increasing_density
D:3:      layout_loops_ring, ebering_ghost_sewer_d,
          ebering_ecumenical_altar_ruins, grunt_ministairs_4, nrook_mini_vaults
D:4:      wad_lake_hut, layout_basic, ashenzari_altar_1,
          minmay_temple_entry_butterflies, uniq_grinder, uniq_edmund,
          uniq_blork_the_orc, uniq_duvessa
D:5:      layout_layer_cave, mainiacjoe_overflow_six_doors_small
D:6:      gammafunk_wand_slinger, layout_cave_pods, old_standard_altar,
          uniq_eustachio
D:7:      kennysheep_housing_project, layout_rooms,
          gammafunk_ghost_wrathful_warriors, enter_bailey_4
D:8:      layout_gridville, nicolae_overflow_hidden_temple
Temple:   nicolae_temple_bog_church
Bailey:   bailey_polearm_2, bailey

Skill      XL: |  1  2  3  4  5  6  7  8 |
---------------+-------------------------+-----
Fire Magic     | 3 4 5 6 8 |  8.0
Conjurations   | 2 3 4 5 6 8 |  8.2
Dodging        | |  1.7
Stealth        | |  1.7
Spellcasting   | |  2.0

Action                   |  1- 3 |  4- 6 |  7- 9 || total
-------------------------+-------+-------+-------++-------
Melee: Unarmed           |     3 |       |       ||     3
       Short sword       |    19 |     3 |       ||    22
       Dagger            |       |     9 |     1 ||    10
       Touch             |       |     2 |     1 ||     3
       Punch             |       |     1 |       ||     1
 Fire: Arbalest          |       |       |     2 ||     2
 Cast: Foxfire           |    54 |    59 |   101 ||   214
       Scorch            |     3 |    16 |    31 ||    50
       Conjure Flame     |       |     4 |     6 ||    10
       Flame Wave        |       |       |     2 ||     2
  Use: Scroll            |       |     1 |     9 ||    10
Armor: Robe              |     7 |       |       ||     7
       Leather armour    |     2 |    17 |    23 ||    42
Dodge: Dodged            |    24 |    40 |    30 ||    94
Block: Other             |       |       |    10 ||    10
       Reflection        |       |       |     5 ||     5
